 Dungeon Crawl Stone Soup version 0.17.2 (webtiles) character file.

55 Goblin1989 the Skirmisher (level 3, -2/29 HPs)
             Began as a Demonspawn Abyssal Knight on July 9, 2016.
             Was a Believer of Lugonu.
             Killed from afar by Jessica (8 damage)
             ... with a wand of frost
             ... on level 2 of the Dungeon.
             The game lasted 00:05:37 (1199 turns).

Goblin1989 the Skirmisher (DsAK)                    Turns: 1199, Time: 00:05:38

Health: -2/29      AC:  5    Str: 13    XL:     3   Next: 67%
Magic:  5/5        EV: 11    Int: 13    God:    Lugonu [**....]
Gold:   73         SH:  0    Dex: 12    Spells: 0 memorised, 2 levels left

rFire  . . .     SeeInvis .     a - +1 mace
rCold  . . .     Clarity  .     b - +0 leather armour
rNeg   . . .     SustAt   .     (no shield)
rPois  .         Gourm    .     (helmet restricted)
rElec  .         Spirit   .     (no cloak)
rCorr  .         Warding  .     (no gloves)
rMut   .         Stasis   .     (no boots)
MR     .....                    (no amulet)
Stlth  +.........               (no ring)
                                (no ring)

@: not resistant to hostile enchantments, very unstealthy
A: antennae 1, yellow scales 1
a: Depart the Abyss, Bend Space, Renounce Religion


You were on level 2 of the Dungeon.
You worshipped Lugonu.
Lugonu was pleased with you.
You were very hungry.

You visited 1 branch of the dungeon, and saw 2 of its levels.
You visited the Abyss 1 time.

You collected 73 gold pieces.

Inventory:

Hand Weapons
 a - a +1 mace (weapon)
Armour
 b - a +0 leather armour (worn)
Jewellery
 m - an uncursed ring of wizardry {unknown}
Scrolls
 d - 3 scrolls of recharging {unknown}
 e - 2 scrolls of remove curse {unknown}
 g - a scroll of identify {unknown}
 h - a scroll of fog {unknown}
 j - a scroll of immolation {unknown}
 n - a scroll of enchant weapon {unknown}
 o - a scroll of fear {unknown}
Potions
 i - a potion of agility {unknown}
 k - 2 potions of magic {unknown}
 l - a potion of lignification {unknown}
Comestibles
 c - 2 bread rations
 f - a beef jerky


   Skills:
 + Level 3.5 Fighting
 + Level 2.1 Maces & Flails
 + Level 2.2 Armour
 + Level 1.5 Dodging
 + Level 3.1 Invocations


You had 2 spell levels left.
You didn't know any spells.

Dungeon Overview and Level Annotations

Branches:
Dungeon (2/15)

Altars:

Annotations:
D:2 Jessica


Innate Abilities, Weirdness & Mutations

You have a pair of small antennae on your head.
You are partially covered in yellow scales (AC +2).


Message History

You are too injured to fight recklessly!
You are too injured to fight recklessly!
You are too injured to fight recklessly!
You are too injured to fight recklessly!
You are too injured to fight recklessly!
You are too injured to fight recklessly!
You are too injured to fight recklessly!
You are too injured to fight recklessly!
You are too injured to fight recklessly!
Jessica zaps a wand.
The puff of frost hits you!
* * * LOW HITPOINT WARNING * * *
You take 7 damage, and have 6/29 hp.
MASSIVE DAMAGE!!
Jessica zaps a wand.
The puff of frost hits you!
* * * LOW HITPOINT WARNING * * *
You take 3 damage, and have 3/29 hp.
Jessica looks very angry.
You see here a bat corpse.
You are feeling very hungry.
Jessica zaps a wand.
The puff of frost hits you!
You die...

# #.#.................##..#.... #
#.#......(.........####...†.. ##
#.#...............## #......
.####.#....)..........# #......
..........(((.........# #....(.
...................)..# #......
.....................## #......
#####................# #......
÷..##........##.@....# ##.....
##..#.......###.#....##### #.....
##...#..#..###.##.......# #.#...
#####(...#..#............# #.##..
##.....###......###......# #.....
........#..#...@###....#####.....
#.................####..###......
.............####.#####.#...#....
............#####.@..............


You could see Jessica.

Vanquished Creatures
  2 adders
  An ooze (D:1)
  3 ball pythons
  3 bats
  2 giant cockroaches
  A hobgoblin (D:1)
  8 kobolds
  A quokka (D:2)
  A giant newt (D:1)
  5 goblins
  5 rats
32 creatures vanquished.

Vanquished Creatures (others)
  A plant (D:1)
1 creature vanquished.

Grand Total: 33 creatures vanquished

Notes
Turn   | Place    | Note
--------------------------------------------------------------
     0 | Abyss:1  | Goblin1989 the Demonspawn Abyssal Knight began the quest for the Orb.
     0 | Abyss:1  | Reached XP level 1. HP: 18/18 MP: 2/2
     8 | D:1      | Escaped the Abyss
    70 | D:1      | Reached skill level 1 in Dodging
    99 | D:1      | Gained mutation: You have a pair of small antennae on your head. [demonic ancestry]
    99 | D:1      | Reached XP level 2. HP: 21/24 MP: 3/3
   395 | D:1      | Gained mutation: You are partially covered in yellow scales (AC +2). [demonic ancestry]
   395 | D:1      | Reached XP level 3. HP: 24/29 MP: 4/4
   405 | D:1      | Reached ** piety under Lugonu
  1169 | D:2      | Noticed Jessica
  1199 | D:2      | Killed from afar by Jessica

Action                   || total
-------------------------++-------
Melee: Mace              ||    89
